 Dungeon Crawl Stone Soup version 0.24-a0-434-gd57e52fea8 (webtiles) character file.

Game seed: 235282530489499456

5158 MachJacob the Fighter (level 10, -12/106 HPs)
             Began as an Ogre Ice Elementalist on June 16, 2019.
             Was a Believer of Qazlal.
             Mangled by a yak (15 damage)
             ... on level 8 of the Dungeon.
             The game lasted 00:41:23 (15106 turns).

MachJacob the Fighter (Ogre Ice Elementalist)      Turns: 15106, Time: 00:41:23

Health: -12/106    AC: 10    Str: 14    XL:     10   Next: 59%
Magic:  10/17      EV: 10    Int: 18    God:    Qazlal [**....]
Gold:   473        SH:  2    Dex: 10    Spells: 9/19 levels left

rFire    . . .     SeeInvis .   a - +1 short sword (venom)
rCold    . . .     Gourm    .   (no shield)
rNeg     . . .     Faith    .   i - +0 robe
rPois    .         Spirit   .   (helmet restricted)
rElec    .         Reflect  .   u - +0 cloak
rCorr    .         Harm     .   (gloves unavailable)
MR       +....                  (boots unavailable)
Stlth    +.........             (no amulet)
HPRegen  0.27/turn              s - ring of wizardry
MPRegen  0.15/turn              (no ring)

@: icy armour
A: large, unfitting armour, tough skin 1
a: Upheaval, Renounce Religion


You were on level 8 of the Dungeon.
You worshipped Qazlal.
Qazlal was pleased with you.
You were hungry.

You visited 2 branches of the dungeon, and saw 10 of its levels.

You collected 473 gold pieces.

Inventory:

Hand Weapons
 a - a +1 short sword of venom (weapon)
   (You took it off a kobold on level 1 of the Dungeon)
 b - a +2 long sword of electrocution
   (You took it off an orc wizard on level 7 of the Dungeon)
 k - a +2 whip of flaming
   (You took it off Pikel on level 7 of the Dungeon)
 o - a +1 flail of protection
   (You found it on level 8 of the Dungeon)
 t - a cursed -2 spear
   (You found it on level 3 of the Dungeon)
Missiles
 d - 155 stones (quivered)
Armour
 g - a +0 shield
   (You found it on level 7 of the Dungeon)
 i - a +0 robe (worn)
 u - a +0 cloak (worn)
   (You found it on level 4 of the Dungeon)
Jewellery
 s - a ring of wizardry (left hand)
   (You found it on level 3 of the Dungeon)
Wands
 c - a wand of disintegration (7)
   (You found it on level 4 of the Dungeon)
Scrolls
 j - 2 scrolls of remove curse {@r2}
 l - 6 scrolls of teleportation {@r4}
 m - 2 scrolls of fog
 p - a scroll of identify {@r1}
 y - a scroll of enchant weapon {unknown}
 A - a scroll of magic mapping {unknown}
 B - 2 scrolls of enchant armour
Potions
 f - 5 potions of curing {@q1}
 h - a potion of flight
 n - 2 potions of invisibility
 q - 2 potions of heal wounds {@q2}
 r - a potion of might
 w - 3 potions of agility
 z - a potion of ambrosia
Comestibles
 e - 16 rations {!d}


   Skills:
 + Level 8.8 Fighting
 - Level 3.3 Short Blades
 - Level 3.0 Dodging
 - Level 1.4 Stealth
 + Level 5.2 Shields
 - Level 5.0 Spellcasting
 - Level 5.4 Conjurations
 - Level 3.0 Charms
 - Level 8.0 Ice Magic


You had 9 spell levels left.
You knew the following spells:

 Your Spells              Type           Power        Failure   Level  Hunger
a - Freeze                Ice            ####         1%          1    None
b - Ozocubu's Armour      Chrm/Ice       ###.....     1%          3    ##.....
c - Throw Icicle          Conj/Ice       ####....     3%          4    ####...
x - Throw Frost           Conj/Ice       ####..       1%          2    #......

Your spell library contained the following spells:

 Spells                   Type           Power        Failure   Level  Hunger
 Summon Ice Beast         Ice/Summ       ###.....     11%         4    ####...


Dungeon Overview and Level Annotations

Branches:
Dungeon (9/15)             Temple (1/1) D:5
   Lair: D:8-11         Orc: D:9-12

Altars:
Ashenzari
Cheibriados
Dithmenos
Elyvilon
Fedhas
Gozag
Hepliaklqana
Kikubaaqudgha
Makhleb
Nemelex Xobeh
Okawaru
Qazlal
Ru
Sif Muna
Trog
Uskayaw
Vehumet
Wu Jian
Xom
Yredelemnul
Zin
The Shining One

Annotations:
D:6 2 transporters
D:8 Joseph


Innate Abilities, Weirdness & Mutations

You are too large for most types of armour.
You have tough skin. (AC +1)


Message History

3 boomerangs; a leather armour
Aim: a yak (almost dead, poisoned)
You freeze the yak.
You kill the yak!
Qazlal accepts your kill.
Things that are here:
3 boomerangs; a leather armour
There is a stone staircase leading down here.
You start resting.
You start resting.
All of the chunks of flesh in your inventory have rotted away.
You are feeling hungry.
You start resting.
You climb downwards.
The yak closely misses you. The yak gores you! The yak closely misses you.
The yak gores you!
There is a stone staircase leading up, spattered with blood here.
You see here 2 arrows.
The yak barely misses you. The yak gores you! The yak closely misses you.
You climb upwards.
Level annotation: Joseph
There is a stone staircase leading down here.
Aim: a yak
Okay, then.
A film of ice covers your body! The yak gores you but does no damage.
The yak closely misses you. The yak gores you but does no damage.
Aim: a yak You freeze the yak!
The yak gores you. The yak gores you! The yak gores you but does no damage.
Aim: a yak (moderately wounded)
You freeze the yak.
The yak misses you. x2; The yak gores you!
* * * LOW HITPOINT WARNING * * *
Aim: a yak (heavily wounded)
You freeze the yak. The yak gores you.
* * * LOW HITPOINT WARNING * * *
The yak gores you.
* * * LOW HITPOINT WARNING * * *
The yak gores you!
* * * LOW HITPOINT WARNING * * *
Aim: a yak (heavily wounded)
You freeze the yak. The yak gores you.
* * * LOW HITPOINT WARNING * * *
The yak gores you but does no damage. The yak gores you!
* * * LOW HITPOINT WARNING * * *
Aim: a yak (severely wounded)
You freeze the yak! The yak gores you!
* * * LOW HITPOINT WARNING * * *
The yak gores you!
* * * LOW HITPOINT WARNING * * *
The yak is engulfed in blazing flames.
The yak gores you!
You die...

......#<#....# #..#
####..###..#.# ########..#
#...#...#.# #...>.....#
##..#..##.######.#######[#
#.....##(##...#.# #.#
############......#.# #.#
.........)...##...#.# #.#
############.###Y##.#######.#
#...Y@Y..........#
##################


You could see 3 yaks.

Vanquished Creatures
  A two-headed ogre (D:7)
  Pikel (D:7)
  2 hippogriffs
  A spriggan (D:8)
  A hog (shapeshifter) (D:8)
  3 yaks
  A sky beast (D:6)
  A black bear (D:9)
  7 ogres
  4 centaurs
  A big kobold (D:7)
  3 bullfrogs
  2 scorpions
  5 killer bees (D:8)
  A howler monkey (D:8)
  3 crimson imps
  4 hounds
  4 jellies
  An orc priest (D:8)
  9 orc wizards
  4 iguanas
  Natasha (thrice) (D:3)
  5 worker ants
  2 hound skeletons (D:7)
  7 adders
  A shadow imp (D:7)
  An ooze (D:1)
  3 worms
  2 dart slugs (D:1)
  2 leopard geckos
  22 orcs
  A ball python (D:3)
  3 bats
  5 giant cockroaches
  8 goblins
  3 hobgoblins
  9 jackals
  10 kobolds
  6 quokkas
  9 frilled lizards
  A leopard gecko skeleton (D:4)
  A leopard gecko zombie (D:8)
  6 rats
  A spectral orc (D:7)
170 creatures vanquished.

Vanquished Creatures (others)
  A troll (D:8)
  4 slaves (D:8)
  A crocodile (D:8)
  A bullfrog (D:8)
  A water moccasin skeleton (D:8)
  A howler monkey (D:8)
  A leopard gecko (D:3)
  2 orcs
12 creatures vanquished.

Grand Total: 182 creatures vanquished

Notes
Turn   | Place    | Note
-------+----------+-------------------------------------------
     0 | D:1      | MachJacob the Ogre Ice Elementalist began the quest for the
                  | Orb.
     0 | D:1      | Reached XP level 1. HP: 16/16 MP: 3/3
   405 | D:1      | Reached XP level 2. HP: 19/24 MP: 0/5
   431 | D:1      | Learned a level 2 spell: Throw Frost
   595 | D:1      | Reached skill level 1 in Conjurations
  1199 | D:1      | Reached XP level 3. HP: 31/31 MP: 5/7
  1223 | D:1      | Learned a level 3 spell: Ozocubu's Armour
  2050 | D:2      | Reached XP level 4. HP: 32/39 MP: 0/8
  2719 | D:2      | Found a white marble altar of Elyvilon.
  3250 | D:3      | Reached XP level 5. HP: 25/45 MP: 1/9
  3711 | D:3      | Noticed Natasha
  3788 | D:3      | Found a bloodstained altar of Trog.
  4176 | D:3      | Killed Natasha
  4318 | D:3      | Found a radiant altar of Vehumet.
  4320 | D:3      | Noticed Natasha
  4361 | D:3      | Killed Natasha
  5009 | D:3      | Found a bloodstained altar of Trog.
  5015 | D:3      | Noticed Natasha
  5028 | D:3      | Killed Natasha
  5028 | D:3      | Reached XP level 6. HP: 25/53 MP: 0/11
  5497 | D:4      | Reached skill level 1 in Charms
  6161 | D:4      | Found a sacrificial altar of Ru.
  6164 | D:4      | Reached XP level 7. HP: 59/59 MP: 9/12
  6304 | D:5      | Entered Level 5 of the Dungeon
  6554 | D:5      | Reached skill level 5 in Ice Magic
  6919 | D:5      | Found a staircase to the Ecumenical Temple.
  6928 | Temple   | Entered the Ecumenical Temple
  7128 | Temple   | Became a worshipper of Qazlal Stormbringer
  8386 | D:5      | Reached skill level 1 in Fighting
  8386 | D:5      | Reached skill level 1 in Short Blades
  8599 | D:5      | Learned a level 4 spell: Throw Icicle
  8604 | D:6      | Reached XP level 8. HP: 57/71 MP: 6/15
  8799 | D:6      | Reached skill level 5 in Spellcasting
  8876 | D:6      | Found a transporter.
  8924 | D:6      | Found a transporter.
  8958 | D:6      | Found a shattered altar of Ashenzari.
  9605 | D:6      | Found a glowing golden altar of the Shining One.
  9635 | D:6      | Found an iron altar of Okawaru.
  9966 | D:7      | Noticed a hippogriff
 10638 | D:7      | Found a bloodstained altar of Trog.
 10714 | D:7      | Noticed a hippogriff
 11012 | D:7      | Found a basalt altar of Yredelemnul.
 11039 | D:7      | Reached * piety under Qazlal
 11171 | D:7      | Reached XP level 9. HP: 85/85 MP: 5/16
 11329 | D:7      | Found a shimmering altar of Xom.
 11386 | D:7      | Reached skill level 1 in Shields
 11837 | D:8      | Noticed Pikel
 11850 | D:8      | Reached skill level 5 in Fighting
 12000 | D:8      | Noticed a catoblepas
 12333 | D:7      | Killed Pikel
 12333 | D:7      | Reached skill level 5 in Conjurations
 12791 | D:8      | Noticed a two-headed ogre
 12930 | D:7      | Killed a two-headed ogre
 12930 | D:7      | Reached XP level 10. HP: 78/100 MP: 3/17
 13121 | D:8      | HP: 2/100 [troll (11)]
 13601 | D:8      | Found a sparkling altar of Nemelex Xobeh.
 14154 | D:8      | Reached ** piety under Qazlal
 14635 | D:8      | Noticed Joseph
 14796 | D:9      | Reached skill level 5 in Shields
 15106 | D:8      | HP: 3/106 [yak (9)]
 15106 | D:8      | Mangled by a yak

Levels and vault maps discovered:
D:1:      lightli_arrival_quake, layout_loops_ring
D:2:      layout_loops_ring, lemuel_crystal_altar
D:3:      layout_basic, fiery_altar_vehumet, old_standard_altar, first_ration,
          uniq_natasha
D:4:      layout_cave_pools, solitary_fountain,
          nicolae_ru_great_annihilating_truth
D:5:      layout_basic, minmay_temple_entry_mist
D:6:      gammafunk_cloud_chamber, layout_cave_pools, old_standard_altar,
          evilmike_ruin_ashenzari, nicolae_tso_carved_into_rock
D:7:      layout_basic, kennysheep_mini_moat,
          yredelemnul_forgotten_temple_becter, trog_three_pillars_becter
D:8:      minmay_diamond_stairs, layout_loops_ring, basic_altar, the_bakery,
          minmay_misc_feat_rows, minmay_alternating_orb, uniq_pikel, uniq_joseph
D:9:      layout_roguey, serial_undead, serial_undead_c, serial_undead_f,
          serial_undead_c, serial_undead_a, serial_shops, shop,
          nicolae_shop_stone, nicolae_shop_overgrown_old_shop
Temple:   nicolae_temple_figure_eight

Skill      XL: |  1  2  3  4  5  6  7  8  9 10 |
---------------+-------------------------------+-----
Dodging        | 2 3 |  3.0
Ice Magic      | 3 4 5 7 8 |  8.0
Conjurations   | 1 2 3 4 5 |  5.4
Spellcasting   | 3 4 5 |  5.0
Charms         | 1 3 |  3.0
Fighting       | 1 4 6 8 |  8.8
Short Blades   | 1 3 |  3.3
Shields        | 3 5 |  5.2
Stealth        | |  1.4

Action                   |  1- 3 |  4- 6 |  7- 9 | 10-12 || total
-------------------------+-------+-------+-------+-------++-------
Melee: Unarmed           |    22 |       |       |       ||    22
       Short sword       |    13 |    22 |    98 |    21 ||   154
Throw: Stone             |    11 |     6 |    27 |     1 ||    45
 Cast: Freeze            |    32 |    33 |   116 |    44 ||   225
       Throw Frost       |    19 |    76 |   119 |    49 ||   263
       Ozocubu's Armour  |       |       |     3 |     2 ||     5
       Throw Icicle      |       |       |     5 |     2 ||     7
Evoke: Wand              |       |       |       |     1 ||     1
  Use: Scroll            |     5 |     8 |     6 |       ||    19
       Potion            |       |       |     2 |       ||     2
 Stab: Sleeping          |     1 |     2 |       |       ||     3
  Eat: Chunk             |     5 |    15 |    17 |     4 ||    41
       Ration            |       |       |     2 |     1 ||     3
Armor: Robe              |    11 |    11 |    45 |    15 ||    82
Dodge: Dodged            |    29 |    30 |   111 |    40 ||   210
Block: Other             |       |       |     3 |    10 ||    13

Table legend:
 A = Non-vault XP
 B = Vault XP
 C = Vault XP percentage of total XP
 D = Non-vault monster count
 E = Vault monster count
 F = Vault count percentage of total count
                 A         B        C        D         E       F
            +---------+---------+-------+---------+---------+-------
      Total |    4538 |    2831 |  38.4 |     150 |      21 |  12.3
            +---------+---------+-------+---------+---------+-------
        D:1 |      37 |       0 |   0.0 |      17 |       0 |   0.0
        D:2 |      73 |       0 |   0.0 |      19 |       0 |   0.0
        D:3 |     197 |      36 |  15.5 |      26 |       1 |   3.7
        D:4 |     380 |      39 |   9.3 |      13 |       4 |  23.5
        D:5 |     516 |       0 |   0.0 |      24 |       0 |   0.0
        D:6 |     455 |       0 |   0.0 |       8 |       0 |   0.0
        D:7 |    1091 |    1546 |  58.6 |      27 |       3 |  10.0
        D:8 |    1147 |    1210 |  51.3 |      12 |      13 |  52.0
        D:9 |     642 |       0 |   0.0 |       4 |       0 |   0.0
            +---------+---------+-------+---------+---------+-------
